 Dungeon Crawl Stone Soup version 0.27.1-34-g3ba077fa99 (webtiles) character file.

Game seed: 6030026567255352415

86 mcbry74 the Ruffian (level 4, 0/41 HPs)
             Began as a Troll Gladiator on Jan 28, 2022.
             Slain by an ogre (18 damage)
             ... on level 4 of the Dungeon.
             The game lasted 00:07:13 (2172 turns).

mcbry74 the Ruffian (Troll Gladiator)               Turns: 2172, Time: 00:07:14

Health: 0/41       AC:  4    Str: 22    XL:     4   Next: 26%
Magic:  3/3        EV: 10    Int:  5    God:
Gold:   93         SH:  0    Dex: 11    Spells: 3/3 levels left

rFire    . . .     SeeInvis .     - Unarmed
rCold    . . .     Faith    .   (no shield)
rNeg     . . .     Spirit   .   a - +0 robe
rPois    .         Reflect  .   b - +0 hat
rElec    .         Harm     .   (no cloak)
rCorr    .         Rampage  .   (gloves unavailable)
Will     .....                  (boots unavailable)
Stlth    +.........             (no amulet)
HPRegen  1.13/turn              (no ring)
MPRegen  0.08/turn              (no ring)

@: no status effects
A: large, unfitting armour, claws 3, regeneration 1, shaggy fur 1, tough skin 1
a: no special abilities


You were on level 4 of the Dungeon.
You visited 1 branch of the dungeon, and saw 4 of its levels.

You collected 93 gold pieces.

Inventory:

Hand Weapons
 i - a +0 whip
 j - a +0 whip
Missiles
 c - 3 throwing nets (quivered)
 h - 71 sling bullets
Armour
 a - a +0 robe (worn)
 b - a +0 hat (worn)
Wands
 l - a wand of iceblast (13)
Scrolls
 d - a scroll of vulnerability {unknown}
 f - 4 scrolls of identify {unknown}
 g - a scroll of acquirement {unknown}
 k - a scroll of amnesia {unknown}
 p - a scroll of enchant armour {unknown}
Potions
 e - 2 potions of degeneration {unknown}
 m - a potion of flight {unknown}
 n - a potion of curing {unknown}
 o - a potion of haste {unknown}
 q - a potion of brilliance {unknown}


   Skills:
 - Level 1.5 Fighting
 - Level 1.7 Throwing
 - Level 2.4 Dodging
 + Level 5.1 Unarmed Combat


You had 3 spell levels left.
You didn't know any spells.
Your spell library contained the following spells:

 Spells                   Type           Power      Damage    Failure   Level
 Freeze                   Ice            0%         1d3       47%         1
 Slow                     Hex            0%         N/A       63%         2
 Confusing Touch          Hex            0%         N/A       85%         3
 Frozen Ramparts          Ice            0%         1d2       85%         3
 Vampiric Draining        Necr           0%         2d6       85%         3
 Hailstorm                Conj/Ice       0%         3d3       99%         4


Dungeon Overview and Level Annotations

Branches:
Dungeon (4/15)
 Temple: D:4-7

Altars:
Nemelex Xobeh

Shops:
D:1 *


Innate Abilities, Weirdness & Mutations

You are too large for most types of armour.
You have claws for hands.
Your natural rate of healing is unusually fast.
You are covered in fur. (AC +1)
You have tough skin. (AC +1)


Message History

You kill the jackal!
Things that are here:
a jackal corpse; a jackal corpse
Found 15 gold pieces.
You now have 93 gold pieces (gained 15).
A dart slug comes into view.
The dart slug launches a dart at you. The slug dart hits you.
The dart slug launches a dart at you. The slug dart misses you.
The dart slug closely misses you.
You claw the dart slug!
You kill the dart slug!
You see here a dart slug corpse.
Found an escape hatch in the floor.
Done exploring.
Done exploring.
You see here a +2 helmet.
There is a stone staircase leading down here.
You climb downwards.
There is a stone staircase leading up here.
Found 22 arrows.
Found a stone staircase leading up.
An ogre comes into view. It is wielding a +0 giant spiked club.
The ogre shouts!
You barely miss the ogre.
The ogre hits you with a +0 giant spiked club.
You claw the ogre!
The ogre is heavily wounded.
The ogre completely misses you.
You barely miss the ogre.
The ogre is heavily wounded.
You barely miss the ogre.
The ogre is heavily wounded.
The ogre hits you with a +0 giant spiked club!!
Ouch! That really hurt!
You claw the ogre!
The ogre is almost dead.
The ogre hits you with a +0 giant spiked club!!
You die...

#<###..(...
###...#......
#...........
#.##.##.....
#<##.##.....
#.##..#.. .
#.###.#.#
#.###.#.###.#
#.....@O....#
#####.#####.#
#.# #.. #.#
#.# #.. ###


You could see an ogre.

Vanquished Creatures
  4 dart slugs
  An orc (D:3)
  12 ball pythons
  4 bats
  3 endoplasms
  5 giant cockroaches
  6 goblins
  3 hobgoblins
  9 jackals
  6 kobolds
  4 quokkas
  2 frilled lizards
  10 rats
69 creatures vanquished.

Vanquished Creatures (others)
  2 fungi (D:2)
  10 plants (D:2)
12 creatures vanquished.

Grand Total: 81 creatures vanquished

Notes
Turn   | Place    | Note
-------+----------+-------------------------------------------
     0 | D:1      | mcbry74 the Troll Gladiator began the quest for the Orb.
     0 | D:1      | Reached XP level 1. HP: 19/19 MP: 0/0
   166 | D:1      | Reached XP level 2. HP: 26/27 MP: 1/1
   325 | D:1      | Reached skill level 4 in Unarmed Combat
   467 | D:1      | Found Rutiaf's General Store.
   488 | D:1      | Reached XP level 3. HP: 33/33 MP: 2/2
  1474 | D:2      | Found a faded altar of an unknown god.
  1536 | D:3      | Found a sparkling altar of Nemelex Xobeh.
  1649 | D:3      | Reached XP level 4. HP: 37/41 MP: 3/3
  1654 | D:3      | Reached skill level 5 in Unarmed Combat
  2163 | D:4      | Noticed an ogre
  2172 | D:4      | Slain by an ogre

Illustrated notes

Levels and vault maps discovered:
D:1:      lemuel_arrival_cross, layout_basic, serial_shops,
          nicolae_shop_crystal, hangedman_feature_mirror
D:2:      layout_basic, shapermc_ecumenical_altar_hornbeckon
D:3:      kennysheep_big_flooded_room, layout_loops_ring,
          mainiacjoe_overflow_boulevard, serial_bayou_pond_a
D:4:      layout_loops_cross, nicolae_tso_besieged_by_evil,
          minmay_temple_entry_arrows

Skill      XL: |  1  2  3  4 |
---------------+-------------+-----
Unarmed Combat | 4 5 |  5.1
Fighting       | |  1.5
Throwing       | |  1.7
Dodging        | |  2.4

Action                   |  1- 3 |  4- 6 || total
-------------------------+-------+-------++-------
Melee: Unarmed           |   119 |    28 ||   147
       Punch             |     2 |       ||     2
Armor: Robe              |    38 |     6 ||    44
Dodge: Dodged            |    44 |    12 ||    56
